Map: King Sejong Station LE

Players

Fropez - Winner!

  • Race: Protoss Protoss
  • League: Gold
  • Spawn Location: 5:00

zuez

  • Race: Terran Terran
  • League: Gold
  • Spawn Location: 11:00

VOD

Have the link to the VOD?

Description

Time

  • Played on: Nov. 17, 2016, 5:07 p.m.
  • Length: 15:01
Show
View Real Time Build Order
Export as new Build Order

Fropez Protoss - Winner!

Build Orders:  

Get SALT Encoding   

  12  0:06  Probe (Chrono Boost)  
  13  0:17  Probe (Chrono Boost)  
  14  0:24  Pylon  
  14  0:27  Probe (Chrono Boost)  
  15  0:42  Assimilator  
  16  0:43  Probe (Chrono Boost)  
  16  0:47  Gateway  
  16  0:58  Gateway  
  16  1:02  Probe (Chrono Boost)  
  17  1:11  Assimilator  
  17  1:12  Probe (Chrono Boost)  
  18  1:23  Pylon, Probe (Chrono Boost)  
  19  1:39  Probe (Chrono Boost), Cybernetics Core  
  20  1:50  Pylon  
  20  1:52  Probe (Chrono Boost)  
  21  2:02  Probe (Chrono Boost)  
  23  2:15  Mothership Core (Chrono Boost)  
  23  2:16  Warp Gate (Chrono Boost)  
  23  2:22  Stalker  
  23  2:26  Stalker  
  27  2:34  Probe (Chrono Boost)  
  26  3:03  Probe (Chrono Boost)  
  26  3:08  Nexus  
  26  3:10  Pylon  
  26  3:21  Probe  
  27  3:32  Twilight Council  
  27  3:33  Probe  
  28  3:45  Probe  
  29  3:57  Probe  
  30  4:03  Gateway  
  30  4:09  Probe, Blink (Chrono Boost)  
  31  4:19  Probe  
  31  4:20  Assimilator  
  31  4:21  Probe  
  33  4:26  Stalker  
  35  4:33  Stalker  
  37  4:40  Probe  
  37  4:41  Probe  
  39  4:50  Forge  
  39  4:51  Probe  
  40  4:59  Probe  
  41  5:03  Stalker  
  43  5:08  Probe, Stalker  
  46  5:17  Pylon  
  46  5:19  Probe  
  47  5:21  Pylon  
  47  5:24  Adept  
  47  5:44  Protoss Ground Weapons Level 1  
  47  5:52  Photon Cannon  
  47  5:57  Probe  
  47  5:59  Probe  
  47  6:00  Photon Cannon  
  47  6:01  Pylon  
  49  6:07  Photon Cannon  
  49  6:09  Probe  
  49  6:10  Photon Cannon  
  49  6:11  Probe  
  51  6:12  Stalker  
  52  6:19  Probe  
  53  6:26  Probe  
  53  6:30  Probe  
  55  6:33  Adept x2  
  55  6:38  Resonating Glaives (Chrono Boost)  
  59  6:46  Gateway x2  
  59  6:54  Probe x2  
  59  6:55  Photon Cannon  
  61  7:08  Probe  
  61  7:09  Pylon  
  61  7:10  Probe  
  61  7:12  Adept x3  
  69  7:19  Probe  
  69  7:22  Probe  
  71  7:36  Templar Archives  
  71  7:39  Gateway, Stalker x3  
  71  7:43  Probe  
  77  7:44  Probe  
  77  7:49  Assimilator  
  79  7:54  Protoss Shields Level 1 (Chrono Boost)  
  79  8:19  Nexus  
  79  8:22  Pylon  
  79  8:25  Pylon  
  79  8:29  Pylon  
  71  8:41  Adept x4  
  71  8:42  Adept  
  71  8:45  Probe  
  71  8:46  Probe  
  79  8:48  Psionic Storm  
  79  9:06  Probe  
  79  9:07  Probe  
  81  9:18  Probe  
  82  9:36  Assimilator  
  82  9:40  Assimilator  
  82  9:43  Photon Cannon  
  82  9:44  Gateway  
  82  9:48  Gateway  
  82  9:52  High Templar x3, Photon Cannon  
  86  9:53  High Templar x3  
  86  9:56  Photon Cannon  
  94  10:16  Pylon  
  94  10:18  Pylon  
  94  10:20  Charge  
  94  10:21  Pylon  
  92  10:32  Stalker x3  
  92  10:33  Stalker  
  100  10:45  Archon x2  
  100  10:46  Archon  
  100  10:47  Probe  
  100  10:48  Probe x2  
  103  11:00  Probe, Gateway  
  104  11:08  Gateway  
  104  11:10  Gateway  
  104  11:12  Gateway  
  104  11:13  Gateway  
  104  11:16  Gateway  
  104  11:19  Pylon, Gateway  
  104  11:22  Pylon  
  104  11:27  Pylon  
  104  11:30  Gateway  
  104  11:38  Photon Cannon  
  104  11:39  Pylon, Photon Cannon  
  104  11:40  High Templar  
  104  11:41  High Templar x4, Gateway  
  104  11:43  Gateway  
  104  11:46  Nexus, Gateway  
  114  11:47  Gateway  
  114  11:50  Assimilator  
  114  11:54  Assimilator  
  114  11:58  Pylon  
  114  12:00  Pylon  
  114  12:21  Protoss Ground Weapons Level 2 (Chrono Boost)  
  114  12:23  Zealot x6  
  114  12:24  Zealot x4  
  134  12:36  Probe x2  
  136  12:49  Photon Cannon  
  136  12:51  Photon Cannon  
  136  12:52  Probe  
  136  12:53  Probe x2, Gateway  
  136  12:56  Gateway  
  139  13:05  Probe  
  140  13:24  Archon  
  130  13:31  Zealot x3  
  130  13:32  Zealot x6  
  130  13:33  Zealot x6  
  92  14:25  Stalker x3  
  98  14:36  Nexus  
  98  14:39  Assimilator  
  98  14:42  Assimilator  
  98  14:50  Pylon  
  98  14:53  Stalker x6  
  98  14:54  Pylon  
Show
View Real Time Build Order
Export as new Build Order

zuez Terran 

Build Orders: Reaper Expand 

Get SALT Encoding   

  12  0:02  SCV  
  13  0:14  SCV  
  14  0:18  Supply Depot  
  14  0:26  SCV  
  15  0:28  Refinery  
  15  0:48  Barracks  
  15  0:52  SCV  
  16  1:04  SCV  
  17  1:16  SCV  
  18  1:28  SCV  
  19  1:37  Reaper  
  20  1:46  Orbital Command  
  20  2:11  Supply Depot  
  20  2:14  Command Center  
  20  2:20  Bunker  
  20  2:30  Factory  
  20  2:33  Barracks Reactor, Refinery  
  20  2:37  Engineering Bay  
  18  3:14  SCV, Widow Mine  
  21  3:20  Marine x2  
  21  3:22  Starport  
  23  3:27  Orbital Command  
  23  3:34  Terran Infantry Armor Level 1  
  23  3:37  SCV  
  23  3:38  Marine x2  
  26  3:44  Widow Mine  
  28  3:49  SCV  
  29  3:59  SCV  
  29  4:00  Marine x2  
  29  4:01  SCV  
  29  4:02  Medivac  
  35  4:09  Orbital Command  
  35  4:13  SCV  
  35  4:16  Supply Depot  
  36  4:18  Factory Tech Lab  
  36  4:23  Marine  
  36  4:24  Marine  
  38  4:38  Siege Tank, SCV  
  42  4:45  Marine x2  
  42  4:48  Starport Reactor  
  42  4:50  SCV  
  45  4:55  Refinery  
  45  4:57  SCV  
  46  5:04  Command Center  
  46  5:15  Supply Depot  
  46  5:16  Supply Depot  
  46  5:17  Supply Depot  
  46  5:19  Bunker  
  46  5:28  SCV  
  39  5:38  Liberator  
  39  5:51  Bunker  
  39  5:53  Marine x2  
  39  5:56  Siege Tank  
  50  5:58  Medivac  
  50  5:59  Terran Infantry Weapons Level 1  
  50  6:03  SCV  
  50  6:05  Armory  
  50  6:09  Refinery  
  50  6:14  Marine x2  
  52  6:20  Barracks  
  52  6:22  Orbital Command  
  50  6:31  Missile Turret  
  50  6:33  Missile Turret  
  50  6:39  Medivac  
  52  6:55  Barracks  
  52  6:57  SCV  
  52  6:58  SCV  
  54  7:01  Medivac  
  54  7:02  Orbital Command  
  56  7:09  SCV  
  56  7:10  SCV  
  56  7:13  Barracks Tech Lab  
  56  7:15  Siege Tank  
  61  7:21  SCV  
  62  7:33  SCV  
  63  7:38  Marine  
  63  7:39  Marine, Marauder  
  67  7:45  Orbital Command  
  67  7:56  Marine  
  68  7:59  Marine x2  
  68  8:00  Marauder  
  72  8:14  Marine  
  72  8:15  Orbital Command  
  72  8:17  Marine x2  
  75  8:22  Marauder  
  74  9:04  SCV  
  75  9:10  SCV  
  75  9:11  Marine x3  
  75  9:12  Marauder  
  75  9:13  Siege Tank  
  75  9:16  SCV  
  85  9:37  Supply Depot x2  
  85  9:58  Marine x3, SCV x2, Marauder, Medivac x2  
  95  10:10  SCV  
  96  10:16  Marine x2  
  98  10:22  SCV  
  98  10:25  Marauder  
  101  10:29  Supply Depot  
  101  10:30  Supply Depot  
  101  10:38  Marine, SCV x2  
  101  10:50  Marine  
  101  10:51  Siege Tank, SCV x3  
  101  10:52  Barracks Reactor, Marauder  
  101  10:54  Supply Depot  
  101  10:56  Marine, Medivac x2  
  115  10:58  Command Center  
  115  11:03  SCV x2  
  117  11:04  Supply Depot, Refinery  
  117  11:08  Refinery  
  117  11:16  SCV  
  118  11:28  SCV  
  118  11:40  SCV  
  119  11:52  SCV  
  118  12:00  Marine x4, Marauder  
  124  12:04  SCV  
  125  12:11  Bunker  
  125  12:16  SCV  
  125  12:18  Marine x3  
  125  12:22  Marauder  
  131  12:26  Marine  
  132  12:31  Command Center  
  132  12:35  Marine  
  133  12:37  Stimpack  
  133  12:41  Medivac  
  133  12:42  Medivac  
  133  12:43  Marauder, Barracks x2  
  139  12:44  Terran Vehicle And Ship Armor Level 1  
  139  12:46  Engineering Bay  
  138  13:20  Siege Tank  
  95  13:35  Marine x2  
  95  13:36  Marine, Marauder  
  83  13:54  Marine x4  
  77  13:57  Marauder  
  78  14:07  Supply Depot  
  71  14:11  Marine  
  71  14:12  Marine  
  65  14:26  Marine x2, Marauder  
  65  14:29  Marine x2  
  72  14:36  Marine  
Tags
 
Add a new tag
Caveats
  • Supply blocks, unpowered buildings, or Contaminate may cause inaccurate times.
  • Supply counts are checked every 10 seconds.